 Dungeon Crawl Stone Soup version 0.29-a0-219-g0a02b1cf4f (webtiles) character file.

Game seed: 7605391250655784005

130 arthad the Shooter (level 5, -4/33 HPs)
             Began as an Octopode Wanderer on Feb 26, 2022.
             Slain by a gnoll
             ... wielding a +0 flail
              (9 damage)
             ... on level 4 of the Dungeon.
             The game lasted 00:08:25 (2790 turns).

arthad the Shooter (Octopode Wanderer)              Turns: 2790, Time: 00:08:25

Health: -4/33      AC:  5    Str: 12    XL:     5   Next: 13%
Magic:  2/7        EV: 17    Int: 14    God:
Gold:   226        SH:  0    Dex: 13    Spells: 4/7 levels left

rFire   . . .      SeeInvis .   a - +0 shortbow (vorpal)
rCold   . . .      Faith    .   (shield currently unavailable)
rNeg    . . .      Spirit   .   b - +0 hat
rPois   .          Reflect  .   (no amulet)
rElec   .          Harm     .   l - +4 ring of protection
rCorr   .          Rampage  .   o - +4 ring of evasion
Will    .....                   (no ring)
Stlth   ++++......              (no ring)
HPRegen 0.11/turn               (no ring)
MPRegen 0.10/turn               (no ring)
                                (no ring)
                                (no ring)

@: attractive, very slightly contaminated
A: almost no armour, amphibious, 8 rings, camouflage 1, gelatinous body 1,
(nimble swimmer 1), tentacles
a: no special abilities


You were on level 4 of the Dungeon.
You visited 1 branch of the dungeon, and saw 4 of its levels.

You collected 226 gold pieces.

Inventory:

Hand Weapons
 a - a +0 vorpal shortbow (weapon)
 n - a +2 short sword of venom
 u - a +2 dagger of venom
Armour
 b - a +0 hat (worn)
Jewellery
 l - a +4 ring of protection (left tentacle)
 o - a +4 ring of evasion (right tentacle)
 r - a ring of ice
 t - an amulet of faith
Scrolls
 h - 3 scrolls of teleportation {unknown}
 i - a scroll of holy word {unknown}
 j - 3 scrolls of identify {unknown}
 k - a scroll of fog {unknown}
 q - a scroll of immolation {unknown}
Potions
 f - a potion of cancellation {unknown}
 g - a potion of magic {unknown}
 m - a potion of mutation {unknown}
 p - a potion of ambrosia
 s - a potion of might {unknown}


   Skills:
 + Level 1.3 Fighting
 * Level 4.8 Bows
 + Level 1.3 Dodging
 + Level 4.7 Stealth
 + Level 1.8 Spellcasting
 + Level 2.5 Summonings


You had 4 spell levels left.
You knew the following spells:

 Your Spells              Type           Power      Damage    Failure   Level
a - Summon Small Mammal   Summ           32%        N/A       9%          1
b - Call Imp              Summ           8%         N/A       13%         2

Your spell library contained the following spells:

 Spells                   Type           Power      Damage    Failure   Level
 Apportation              Tloc           2%         N/A       24%         1
 Summon Ice Beast         Ice/Summ       4%         N/A       82%         4
 Alistair's Intoxication  Tmut/Pois      0%         N/A       100%        5


Dungeon Overview and Level Annotations

Branches:
Dungeon (4/15)
 Temple: D:4-7

Altars:


Innate Abilities, Weirdness & Mutations

You cannot wear most types of armour.
You are amphibious.
You can wear up to eight rings at the same time.
Your skin changes colour to match your surroundings (Stealth+).
Your rubbery body absorbs attacks. (AC +1, EV +1)
((You are camouflaged when in or above water. (Stealth+)))
You have tentacles for arms and can constrict up to eight enemies at once.


Message History

The gnoll shouts!
You shoot an arrow. The arrow hits the gnoll!
The gnoll is severely wounded.
You shoot an arrow. The arrow barely misses the gnoll.
The gnoll hits you from afar with a +0 spear.
You shoot an arrow. The arrow barely misses the gnoll.
The gnoll hits you from afar with a +0 spear.
You shoot an arrow. The arrow hits the gnoll.
You kill the gnoll!
You shoot an arrow. The arrow hits the gnoll.
The gnoll is lightly wounded.
The gnoll hits you with a +0 flail.
You shoot an arrow. The arrow closely misses the gnoll.
The gnoll hits you with a +0 flail. x2
You shoot an arrow. The arrow hits the gnoll.
The gnoll is moderately wounded.
The gnoll hits you with a +0 flail.
You are too injured to fight recklessly!
You are too injured to fight recklessly!
Casting: Summon Small Mammal (safe; 9% risk of failure)
Confirm with . or Enter, or press ? or * to list all spells.
You miscast Call Imp.
You are very lightly contaminated with residual magic.
Nothing appears to happen.
The gnoll misses you.
Casting: Call Imp (safe; 13% risk of failure)
Confirm with . or Enter, or press ? or * to list all spells.
A beastly little devil appears in a puff of flame.
The gnoll hits you with a +0 flail!
* * * LOW HITPOINT WARNING * * *
Something bites your crimson imp!
Casting: Call Imp (safe; 13% risk of failure)
Confirm with . or Enter, or press ? or * to list all spells.
The gnoll closely misses you.
Your crimson imp barely misses the gnoll.
Your crimson imp hits the worm but does no damage.
Your crimson imp hits the worm.
It was a potion of attraction.
You feel attractive to monsters.
Your rat completely misses the gnoll.
The gnoll hits you with a +0 flail!
You die...

....... ....# .......
...# .......#### ..#+##
.......#..##+#....#
.......#.....#....#
......5).....'....#
)......#w.##.#....#+###+#
......)#.g##.##.)........
.......#.r@...#..........
.......#......+..........
.......#..##.##..........
.......#..##.###'#######+
.......#......#.....#
#......#.....#
#......#....#####
#########'###....
.................


You could see a worm, a gnoll (ally target), a friendly crimson imp (summoned)
and a friendly rat (summoned).

Vanquished Creatures
  2 gnolls (D:4)
  5 adders
  2 dart slugs
  5 orcs
  13 ball pythons
  3 endoplasms
  A giant cockroach (D:3)
  5 hobgoblins
  A jackal (D:1)
  A quokka (D:2)
  A bat (D:1)
  2 frilled lizards
  6 goblins
  2 kobolds (D:2)
  2 rats
51 creatures vanquished.

Vanquished Creatures (collateral kills)
  An orc (D:3)
  A jackal (D:2)
  A bat (D:3)
  A kobold (D:3)
4 creatures vanquished.

Grand Total: 55 creatures vanquished

Notes
Turn   | Place    | Note
-------+----------+-------------------------------------------
     0 | D:1      | arthad the Octopode Wanderer began the quest for the Orb.
     0 | D:1      | arthad set off with the following items: a +0 shortbow, a
                  | +0 hat; and the following spell memorised: Summon Small
                  | Mammal; and the following spells available to memorise:
                  | Call Imp, Summon Ice Beast
     0 | D:1      | Reached XP level 1. HP: 11/11 MP: 2/2
   439 | D:1      | Reached XP level 2. HP: 17/17 MP: 3/3
   975 | D:2      | Found a faded altar of an unknown god.
  1064 | D:1      | Reached XP level 3. HP: 19/22 MP: 1/5
  1220 | D:2      | Reached skill level 1 in Fighting
  1285 | D:2      | Learned a level 2 spell: Call Imp
  1504 | D:3      | Reached XP level 4. HP: 28/28 MP: 6/6
  1549 | D:3      | Reached skill level 1 in Dodging
  2512 | D:3      | Noticed a gnoll sergeant
  2774 | D:4      | Reached XP level 5. HP: 33/33 MP: 7/7
  2790 | D:4      | Slain by a gnoll

Illustrated notes

Levels and vault maps discovered:
D:1:      mrwooster_arrival_statue_2, layout_loops_corners, minmay_heptomino_d4
D:2:      layout_rooms, shapermc_ecumenical_altar_mp_highgroup, st_stairs_2
D:3:      layout_basic, kennysheep_generic_room_16
D:4:      layout_gridville, minivault_25

Skill      XL: |  1  2  3  4 |
---------------+-------------+-----
Fighting       | 1 |  1.3
Dodging        | 1 |  1.3
Bows           | |  4.8
Stealth        | |  4.7
Spellcasting   | |  1.8
Summonings     | |  2.5

Action                   |  1- 3 |  4- 6 || total
-------------------------+-------+-------++-------
 Fire: Shortbow          |    84 |    72 ||   156
 Cast: Summon Small Mamm |     5 |     4 ||     9
       Call Imp          |       |     2 ||     2
  Use: Potion            |     4 |     1 ||     5
       Scroll            |       |     2 ||     2
Armor: Skin              |    25 |     9 ||    34
Dodge: Dodged            |    70 |    34 ||   104

Table legend: (Time is in decaauts)
 A = Elapsed time spent in this place.
 B = Non-inter-level travel time spent in this place.
 C = Inter-level travel time spent in this place.
 D = Time resting spent in this place.
 E = Time spent auto-exploring this place.
 F = Levels seen in this place.
 G = Mean time per level.
                   A        B        C        D        E       F      G
               +--------+--------+--------+--------+--------+-----+--------+
         Total |   2832 |   2790 |     42 |    387 |   1981 |   4 |  708.0 |
       Dungeon |   2832 |   2790 |     42 |    387 |   1981 |   4 |  708.0 |
               +--------+--------+--------+--------+--------+-----+--------+

Top non-repeatable levels by time:
     D:3: 1117 daAuts
     D:1: 999 daAuts
     D:2: 483 daAuts
     D:4: 232 daAuts
